 Dungeon Crawl Stone Soup version 0.20.1-1-g8b1a95d (webtiles) character file.

23 Vemn the Caller (level 3, 0/28 HPs)
             Began as a Naga Summoner on July 21, 2017.
             Succumbed to Terence's poison
             ... on level 2 of the Dungeon.
             The game lasted 00:10:34 (2151 turns).

Vemn the Caller (Naga Summoner)                     Turns: 2151, Time: 00:10:35

Health: 0/28       AC:  2    Str: 10    XL:     3   Next: 0%
Magic:  0/6        EV:  9    Int: 16    God:
Gold:   103        SH:  0    Dex: 11    Spells: 3/6 levels left

rFire    + . .     SeeInvis +   f - +0 dagger (speed)
rCold    + . .     Gourm    .   (no shield)
rNeg     . . .     Faith    .   j - +0 leather armour (curse)
rPois    +         Spirit   .   (helmet restricted)
rElec    +         Reflect  .   (no cloak)
rCorr    +         Harm     .   (no gloves)
MR       .....                  (no barding)
Stlth    ++........             (no amulet)
Regen    0.1/turn               (no ring)
MPRegen  0.1/turn               (no ring)

@: lethally poisoned (0 -> -8), resistant, very slow
A: horns 1, see invisible, deformed body, poison resistance, slowness 2, slow
metabolism 1, spit poison 1, AC +1
a: Spit Poison


You were on level 2 of the Dungeon.
You were hungry.

You visited 1 branch of the dungeon, and saw 2 of its levels.

You collected 103 gold pieces.

Inventory:

Hand Weapons
 f - a +0 dagger of speed (weapon)
Armour
 j - a cursed +0 leather armour (worn)
Scrolls
 e - a scroll of identify
Potions
 g - a potion of lignification
 i - a potion of resistance
Books
 b - a book of Callings

   Spells                             Type                      Level
   a - Summon Small Mammal            Summoning                    1
   b - Call Imp                       Summoning                    2
   c - Call Canine Familiar           Summoning                    3
   d - Summon Guardian Golem          Hexes/Summoning              3
   e - Summon Lightning Spire         Summoning/Air                4
   f - Summon Ice Beast               Ice/Summoning                4
Comestibles
 c - 3 bread rations
 d - 2 royal jellies


   Skills:
 + Level 0.2 Short Blades
 + Level 1.7 Dodging
 + Level 3.4 Stealth
 + Level 2.2 Spellcasting
 + Level 4.4 Summonings


You had 3 spell levels left.
You knew the following spells:

 Your Spells              Type           Power        Failure   Level  Hunger
a - Summon Small Mammal   Summ           ###.         4%          1    #......
b - Call Imp              Summ           ###.....     7%          2    ###....


Dungeon Overview and Level Annotations

Branches:
Dungeon (2/15)

Altars:

Annotations:
D:2 Terence


Innate Abilities, Weirdness & Mutations

You cannot wear boots.
Your serpentine skin is tough. (AC +1)
You have supernaturally acute eyesight. (SInv)
Armour fits poorly on your strangely shaped body.
Your system is resistant to poisons. (rPois)
You cover ground very slowly.
You have a slow metabolism.
You can spit poison.
You have a pair of small horns on your head.


Message History

Terence hits you with a hand axe of venom.
* * * LOW HITPOINT WARNING * * *
You are lethally poisoned!
Casting: Call Imp
Confirm with . or Enter, or press ? or * to list all spells.
A beastly little devil appears in a puff of flame.
* * * LOW HITPOINT WARNING * * *
You feel sick. Terence closely misses you.
Terence barely misses your crimson imp.
You feel protected.
You are feeling hungry.
* * * LOW HITPOINT WARNING * * *
You feel sick.
Your crimson imp closely misses Terence.
* * * LOW HITPOINT WARNING * * *
You feel sick. Terence closely misses you.
Terence hits your crimson imp but does no damage.
You feel extremely strange. A pair of horns grows on your head!
You die...

#.#............#######
#.#...5.....#..#
#######..........##..#
#............###.##..#
##................##..#
............#.######..#
..........#..5........#
......≈≈..###@#......##
#.......≈..≈.###@#.###..####
≈...≈≈..≈..≈≈≈##.#.#.......#
≈..≈..≈..≈..≈≈≈#.#.#.#####.#
≈..≈..≈⌠.≈...≈≈#.#.#.#####.#
≈...≈.⌠≈..≈..≈≈#.#.#.......#
≈≈..≈..≈..≈..≈≈#.#.#########
≈≈≈..≈..≈≈...≈##.#
#.≈..≈.......##..#
#..≈≈........#


You could see Terence and 2 friendly crimson imps.

Vanquished Creatures
  A giant cockroach (D:1)
  A goblin (D:2)
  2 quokkas (D:2)
  3 bats (D:1)
  A frilled lizard (D:1)
  2 rats (D:1)
10 creatures vanquished.

Vanquished Creatures (collateral kills)
  A worm (D:2)
  A leopard gecko (D:1)
  2 giant cockroaches
  3 goblins (D:1)
  3 hobgoblins (D:1)
  3 kobolds
  2 rats
15 creatures vanquished.

Grand Total: 25 creatures vanquished

Notes
Turn   | Place    | Note
-------+----------+-------------------------------------------
     0 | D:1      | Vemn the Naga Summoner began the quest for the Orb.
     0 | D:1      | Reached XP level 1. HP: 15/15 MP: 3/3
  1029 | D:1      | Reached XP level 2. HP: 15/22 MP: 0/5
  1136 | D:1      | Learned a level 2 spell: Call Imp
  1145 | D:1      | You fall through a shaft!
  2083 | D:1      | Reached XP level 3. HP: 28/28 MP: 2/6
  2124 | D:2      | Noticed Terence
  2150 | D:2      | HP: 1/28 [poisoned by Terence]
  2151 | D:2      | Gained mutation: You have a pair of small horns on your head. [potion of mutation]
  2151 | D:2      | Succumbed to Terence's poison

Action                   || total
-------------------------++-------
Melee: Dagger            ||    70
       Unarmed           ||     2
 Cast: Summon Small Mamm ||    16
       Call Imp          ||    18
  Use: Scroll            ||     3
       Potion            ||     2
 Stab: Sleeping          ||     1
  Eat: Chunk             ||     3
Armor: Robe              ||    19
       Leather armour    ||     2
Dodge: Dodged            ||    38
